 Dungeon Crawl Stone Soup version 0.27.1-34-g3ba077fa99 (webtiles) character file.

Game seed: 15727219120169943068

499 Delamore the Covert (level 7, -2/45 HPs)
             Began as an Octopode Brigand on Jan 16, 2022.
             Slain by an orc (6 damage)
             ... on level 5 of the Dungeon.
             The game lasted 00:04:29 (4880 turns).

Delamore the Covert (Octopode Brigand)              Turns: 4880, Time: 00:04:30

Health: -2/45      AC:  1    Str:  7 (10) XL:     7   Next: 16%
Magic:  7/7        EV: 12    Int: 12 (14) God:
Gold:   651        SH:  0    Dex: 14 (15) Spells: 6/6 levels left

rFire    . . .     SeeInvis .   a - +3 dagger
rCold    . . .     Faith    .   (no shield)
rNeg     . . .     Spirit   .   (helmet restricted)
rPois    .         Reflect  .   (no amulet)
rElec    .         Harm     .   (no ring)
rCorr    .         Rampage  .   (no ring)
Will     .....                  (no ring)
Stlth    +++++.....             (no ring)
HPRegen  0.15/turn              (no ring)
MPRegen  0.10/turn              (no ring)
                                (no ring)
                                (no ring)

@: brilliant
A: almost no armour, amphibious, 8 rings, camouflage 1, gelatinous body 1,
(nimble swimmer 1), tentacles
a: no special abilities


You were on level 5 of the Dungeon.
You visited 2 branches of the dungeon, and saw 6 of its levels.

You collected 651 gold pieces.

Inventory:

Hand Weapons
 a - a +3 dagger (weapon)
Missiles
 b - 25 poisoned darts (quivered)
 k - a throwing net
 l - 5 boomerangs
Scrolls
 e - a scroll of torment
 i - 3 scrolls of teleportation
 m - a scroll of noise {unknown}
 p - a scroll of enchant weapon
 q - a scroll of enchant armour {unknown}
Potions
 d - 2 potions of ambrosia
 f - 2 potions of curing
 g - 2 potions of haste
 j - a potion of brilliance
 n - a potion of attraction {unknown}
 o - a potion of lignification {unknown}


   Skills:
 - Level 2.0 Fighting
 + Level 4.5 Short Blades
 - Level 2.0 Throwing
 - Level 1.0 Dodging
 * Level 10.0 Stealth


You had 6 spell levels left.
You didn't know any spells.
Your spell library contained the following spells:

 Spells                   Type           Power      Damage    Failure   Level
 Ensorcelled Hibernation  Hex/Ice        0%         N/A       45%         2
 Call Canine Familiar     Summ           0%         N/A       69%         3
 Frozen Ramparts          Ice            0%         1d2       69%         3
 Portal Projectile        Hex/Tloc       0%         N/A       69%         3
 Ice Form                 Ice/Tmut       0%         N/A       97%         4
 Leda's Liquefaction      Hex/Erth       0%         N/A       97%         4
 Olgreb's Toxic Radiance  Pois           0%         N/A       97%         4
 Summon Ice Beast         Ice/Summ       0%         N/A       97%         4
 Invisibility             Hex            0%         N/A       100%        6
 Ozocubu's Refrigeration  Ice            0%         4d5       100%        7
 Ignition                 Fire           0%         3d3       100%        8


Dungeon Overview and Level Annotations

Branches:
Dungeon (5/15)             Temple (1/1) D:4

Altars:
Ashenzari
Cheibriados
Dithmenos
Elyvilon
Fedhas
Hepliaklqana
Kikubaaqudgha
Makhleb
Nemelex Xobeh
Okawaru
Ru
Sif Muna
Trog
Vehumet
Wu Jian
Yredelemnul
Zin
The Shining One


Innate Abilities, Weirdness & Mutations

You cannot wear most types of armour.
You are amphibious.
You can wear up to eight rings at the same time.
Your skin changes colour to match your surroundings (Stealth+).
Your rubbery body absorbs attacks. (AC +1, EV +1)
((You are camouflaged near water. (Stealth+)))
You have tentacles for arms and can constrict up to eight enemies at once.


Message History

The orc priest invokes the aid of Beogh against you.
Pain shoots through your body! The iguana misses you.
The adder closely misses you.
You release your grip on the orc priest.
You kill the orc priest!
Your Stealth skill increases to level 10!
The adder bites you.
You are poisoned.
The adder poisons you!
You feel sick.
Okay, then.
You miss the adder. Your grab misses the adder.
You feel sick. The adder closely misses you.
You hit the adder. You grab the adder.
The adder is moderately wounded.
You constrict the adder.
You feel sick. The adder bites you.
You barely miss the adder.
The adder is moderately wounded.
You constrict the adder.
You feel sick.
You are no longer poisoned.
The adder bites you.
* * * LOW HITPOINT WARNING * * *
You hit the adder. You squeeze the adder.
You kill the adder!
The orc hits you with a +0 short sword.
* * * LOW HITPOINT WARNING * * *
It was a potion of brilliance.
You feel clever all of a sudden. The orc closely misses you.
The orc hits you with a +0 short sword.
* * * LOW HITPOINT WARNING * * *
Okay, then.
Okay, then.
Okay, then.
You aren't carrying any items that you can evoke.
Unknown command.
It was a potion of degeneration.
There was something very wrong with that liquid.
You feel weakened.
You feel dopey.
You feel clumsy. The orc hits you with a +0 morningstar.
You die...

.........# .........
........### #.......(
.......#..#### #........
......####...###........
#..#### ###.....)o....#
#### ####..)#### ##..##
#)o## #lo@# #####


You could see an iguana and 2 orcs.

Vanquished Creatures
  An ogre (D:4)
  A bullfrog (D:4)
  A bullfrog zombie (D:5)
  2 hounds (D:5)
  An orc priest (D:5)
  2 iguanas
  8 adders
  An ufetubus (D:5)
  2 worms
  5 dart slugs
  3 orcs
  6 ball pythons
  6 endoplasms
  6 giant cockroaches
  5 hobgoblins
  8 jackals
  2 quokkas
  4 bats
  3 frilled lizards
  10 goblins
  8 kobolds
  7 rats
92 creatures vanquished.

Notes
Turn   | Place    | Note
-------+----------+-------------------------------------------
     0 | D:1      | Delamore the Octopode Brigand began the quest for the Orb.
     0 | D:1      | Reached XP level 1. HP: 14/14 MP: 1/1
   384 | D:1      | Reached XP level 2. HP: 19/19 MP: 2/2
   489 | D:1      | Reached skill level 6 in Stealth
   623 | D:1      | Reached XP level 3. HP: 7/24 MP: 3/3
  1158 | D:1      | Found a faded altar of an unknown god.
  1612 | D:2      | Reached XP level 4. HP: 28/29 MP: 4/4
  1636 | D:2      | Reached skill level 7 in Stealth
  2682 | D:3      | Reached XP level 5. HP: 34/34 MP: 5/5
  2791 | D:3      | Got the Compendium of Curses
  3135 | D:4      | Identified a scroll of acquirement
  3135 | D:4      | Acquired 451 gold pieces
  3411 | D:4      | Found a staircase to the Ecumenical Temple.
  3418 | Temple   | Entered the Ecumenical Temple
  3609 | D:4      | Found a glowing golden altar of the Shining One.
  3687 | D:4      | Reached skill level 8 in Stealth
  3738 | D:4      | Noticed an ogre
  3744 | D:4      | Killed an ogre
  3745 | D:4      | Reached XP level 6. HP: 12/39 MP: 6/6
  4124 | D:4      | Reached skill level 9 in Stealth
  4357 | D:5      | Entered Level 5 of the Dungeon
  4436 | D:5      | Found a blossoming altar of Fedhas.
  4540 | D:5      | Reached XP level 7. HP: 37/45 MP: 7/7
  4873 | D:5      | Reached skill level 10 in Stealth
  4880 | D:5      | Slain by an orc

Illustrated notes

Levels and vault maps discovered:
D:1:      beargit_arrival_greenhouse, layout_basic,
          ebering_ecumenical_altar_sacrificial, chequers_serial_rivers_large_a
D:2:      layout_loops_ring, amcnicky_mini_corridor_feature
D:3:      layout_loops_cross
D:4:      layout_gridville, mainiacjoe_overflow_alcove_1, temple_statues,
          minmay_misc_feat_iff, minmay_distorted
D:5:      layout_cave_pods, fedhas_ov_isle_minmay, chequers_avenue,
          uniq_eustachio
Temple:   eino_temple_scatter_basement

Skill      XL: |  1  2  3  4  5  6  7 |
---------------+----------------------+-----
Stealth        | 6 7 8 9 10 | 10.0
Short Blades   | 3 4 |  4.5
Fighting       | |  2.0
Throwing       | |  2.0
Dodging        | |  1.0

Action                   |  1- 3 |  4- 6 |  7- 9 || total
-------------------------+-------+-------+-------++-------
Melee: Dagger            |    51 |    97 |    15 ||   163
       Tentacles         |     9 |    15 |     2 ||    26
       Constrict         |     8 |    15 |     4 ||    27
Throw: Dart              |       |     1 |     3 ||     4
  Use: Scroll            |     2 |     5 |       ||     7
       Potion            |       |     1 |     2 ||     3
 Stab: Sleeping          |    17 |    29 |       ||    46
       Distracted        |       |     1 |     1 ||     2
Armor: Skin              |     1 |     1 |       ||     2
Dodge: Dodged            |    21 |    28 |     5 ||    54
